 Dungeon Crawl Stone Soup version 0.20.2-3-g29329e0561 (webtiles) character file.

582 Alfie the Covered (level 7, -3/61 HPs)
             Began as a Hill Orc Fighter on Jan 13, 2023.
             Slain by Natasha (5 damage)
             ... on level 4 of the Dungeon.
             The game lasted 00:08:34 (2655 turns).

Alfie the Covered (Hill Orc Fighter)                Turns: 2655, Time: 00:08:35

Health: -3/61      AC: 10    Str: 21    XL:     7   Next: 36%
Magic:  7/7        EV: 13    Int:  8    God:
Gold:   128        SH: 10    Dex: 15    Spells: 6/6 levels left

rFire    . . .     SeeInvis .   a - +0 rapier
rCold    . . .     Gourm    .   c - +0 shield
rNeg     . . .     Faith    .   b - +1 scale mail
rPois    .         Spirit   .   (no helmet)
rElec    .         Reflect  .   p - +0 cloak
rCorr    .         Harm     .   q - +0 pair of gloves
MR       .....                  (no boots)
Stlth    +.........             (no amulet)
Regen    0.2/turn               (no ring)
MPRegen  0.1/turn               (no ring)

@: agile
A: no striking features
a: no special abilities


You were on level 4 of the Dungeon.
You were not hungry.

You visited 1 branch of the dungeon, and saw 4 of its levels.

You collected 128 gold pieces.

Inventory:

Hand Weapons
 a - a +0 rapier (weapon)
Armour
 b - a +1 scale mail (worn)
 c - a +0 shield (worn)
 p - a +0 cloak (worn)
 q - a +0 pair of gloves (worn)
Jewellery
 e - an uncursed ring of ice
 n - an uncursed ring of resist corrosion
Scrolls
 l - a scroll of noise {unknown}
 m - a scroll of fog {unknown}
 o - a scroll of teleportation
 u - a scroll of identify
Potions
 d - a potion of flight {unknown}
 g - 2 potions of curing
 i - a potion of brilliance {unknown}
 k - a potion of agility
 r - a potion of degeneration {unknown}
 s - a potion of berserk rage {unknown}
Comestibles
 f - 3 bread rations
 h - 5 fruits
 t - a royal jelly


   Skills:
 + Level 5.0 Fighting
 + Level 4.8 Short Blades
 + Level 5.1 Armour
 + Level 1.7 Dodging
 + Level 4.9 Shields


You had 6 spell levels left.
You didn't know any spells.

Dungeon Overview and Level Annotations

Branches:
Dungeon (4/15)
 Temple: D:4-7

Altars:
Dithmenos
Gozag
Makhleb
Nemelex Xobeh
Okawaru
Xom

Annotations:
D:4 Natasha


Message History

* * * LOW HITPOINT WARNING * * *
The shadow imp hits you.
* * * LOW HITPOINT WARNING * * *
The orc shouts!
You hit Natasha.
Natasha is lightly wounded.
Natasha barely misses you. You block Natasha's attack.
You block the shadow imp's attack.
You completely miss Natasha.
Natasha is lightly wounded.
Natasha claws you but does no damage. You block the shadow imp's attack.
Natasha barely misses you.
You hit Natasha.
Natasha is heavily wounded.
You block Natasha's attack. The shadow imp closely misses you.
You closely miss Natasha.
Natasha is heavily wounded.
You block Natasha's attack. You block the shadow imp's attack.
Natasha claws you.
You die...

#.###...#####.##
._.###..# #.##..
#.###...# #.##.# . .
####..### #.##.##. ..
###...# #...... ..
.#....# #######..###.#
.....(# #............#
###...###.###...5h##
..............o.@..#
................#.......
.....................#..
###...############.###
#......# .# #.#.#..# ..
#.#....# #. .......# .
#.#....#


You could see Natasha, a shadow imp and an orc.

Vanquished Creatures
  The ghost of Alfie the Skirmisher, an amateur HOFi (D:4)
  Sigmund (D:4)
  An iguana (D:4)
  3 worker ants (D:4)
  4 adders
  A worm (D:4)
  2 dart slugs
  5 leopard geckos
  2 ball pythons
  11 bats
  6 giant cockroaches
  4 goblins
  2 hobgoblins
  4 jackals (D:1)
  A quokka (D:3)
  6 frilled lizards
  11 kobolds
  A quokka skeleton (D:4)
  6 rats
72 creatures vanquished.

Notes
Turn   | Place    | Note
-------+----------+-------------------------------------------
     0 | D:1      | Alfie the Hill Orc Fighter began the quest for the Orb.
     0 | D:1      | Reached XP level 1. HP: 19/19 MP: 1/1
    84 | D:1      | Reached XP level 2. HP: 8/27 MP: 2/2
   284 | D:1      | Reached XP level 3. HP: 28/33 MP: 3/3
  1225 | D:2      | Reached XP level 4. HP: 41/41 MP: 4/4
  1606 | D:2      | Found a sparkling altar of Nemelex Xobeh.
  1606 | D:2      | Found a shadowy altar of Dithmenos.
  1620 | D:2      | Found a shimmering altar of Xom.
  1623 | D:2      | Found a faded altar of an unknown god.
  1624 | D:2      | Found a faded altar of an unknown god.
  1750 | D:3      | Found an iron altar of Okawaru.
  2010 | D:3      | Found a burning altar of Makhleb.
  2256 | D:4      | Reached XP level 5. HP: 47/47 MP: 5/5
  2372 | D:4      | Noticed Alfie's ghost (amateur HOFi)
  2378 | D:4      | Found an opulent altar of Gozag.
  2397 | D:4      | Killed Alfie's ghost
  2397 | D:4      | Reached skill level 5 in Fighting
  2397 | D:4      | Reached skill level 1 in Dodging
  2397 | D:4      | Reached XP level 6. HP: 7/56 MP: 6/6
  2574 | D:4      | Noticed Sigmund
  2604 | D:4      | Killed Sigmund
  2604 | D:4      | Reached skill level 5 in Armour
  2604 | D:4      | Reached XP level 7. HP: 5/61 MP: 7/7
  2622 | D:4      | Found a sparkling altar of Nemelex Xobeh.
  2645 | D:4      | Noticed Natasha
  2651 | D:4      | HP: 2/61 [Natasha (5)]
  2655 | D:4      | Slain by Natasha

Skill      XL: |  1  2  3  4  5  6 |
---------------+-------------------+-----
Fighting       | 4 5 |  5.0
Shields        | 4 |  4.9
Short Blades   | 3 4 |  4.8
Armour         | 4 5 |  5.1
Dodging        | 1 |  1.7

Action                   |  1- 3 |  4- 6 |  7- 9 || total
-------------------------+-------+-------+-------++-------
Melee: Rapier            |   139 |   136 |     6 ||   281
  Use: Scroll            |     4 |     5 |       ||     9
       Potion            |       |     2 |     1 ||     3
  Eat: Royal jelly       |     1 |       |       ||     1
       Fruit             |       |     2 |       ||     2
       Chunk             |       |     1 |       ||     1
       Meat ration       |       |       |     1 ||     1
Armor: Scale mail        |    76 |    59 |     1 ||   136
Dodge: Dodged            |    50 |    32 |     3 ||    85
Block: Shield            |    89 |    68 |     9 ||   166
